 Dungeon Crawl Stone Soup version 0.30-a0-782-ge64f9170bb (webtiles) character file.

Game seed: 13567085344841319974

5534 epen the Magician (level 10, -24/79 HPs)
             Began as a Gnoll Warper on Feb 27, 2023.
             Was a Priest of Cheibriados.
             Killed from afar by Fannar (32 damage)
             ... with a bolt of cold
             ... on level 11 of the Dungeon.
             The game lasted 00:12:25 (7708 turns).

epen the Magician (Gnoll Warper)                    Turns: 7708, Time: 00:12:27

Health: -24/79     AC: 11    Str: 18    XL:     10   Next: 71%
Magic:  21/21      EV: 18    Int: 19    God:    Cheibriados [***...]
Gold:   552        SH:  0    Dex: 23    Spells: 22/24 levels left

rFire   . . .      SeeInvis .    H - +5 great sword (freeze)
rCold   . . .      Faith    .    (shield currently unavailable)
rNeg    + . .      Spirit   .    t - +0 steam dragon scales
rPois   +          Reflect  .    L - +0 helmet
rElec   .          Harm     .    D - +1 cloak
rCorr   .          Rampage  .    (no gloves)
Will    .....                    O - +0 pair of boots
Stlth   ++++                     g - amulet of regeneration
HPRegen 1.13/turn                f - ring of positive energy
MPRegen 0.17/turn                k - ring of poison resistance

@: very slow
A: fangs 1, strong nose, distributed training
a: Renounce Religion, Bend Time, Temporal Distortion


You were on level 11 of the Dungeon.
You worshipped Cheibriados.
Cheibriados was most pleased with you.
You visited 1 branch of the dungeon, and saw 11 of its levels.

You collected 642 gold pieces.
You spent 90 gold pieces at shops.

Inventory:

Hand Weapons
 a - a +1 falchion
 j - a +4 dagger
 H - a +5 great sword of freezing (weapon)
Missiles
 d - 7 boomerangs of dispersal (quivered)
 M - 2 boomerangs
Armour
 b - a +0 leather armour
 r - a +0 ring mail of cold resistance
 t - +0 steam dragon scales (worn)
 D - a +1 cloak (worn)
 L - a +0 helmet (worn)
 O - a +0 pair of boots (worn)
Jewellery
 f - a ring of positive energy (left hand)
 g - an amulet of regeneration (around neck)
 k - a ring of poison resistance (right hand)
 w - an amulet of magic regeneration
Wands
 q - a wand of iceblast (1)
 K - a wand of flame (12)
 N - a wand of charming (5)
Scrolls
 c - a scroll of blinking
 n - a scroll of summoning
 p - a scroll of teleportation
 s - 2 scrolls of amnesia
 v - a scroll of enchant weapon
 y - 3 scrolls of immolation
 E - a scroll of magic mapping {unknown}
 F - a scroll of poison
 G - 2 scrolls of identify
Potions
 e - 7 potions of curing
 h - a potion of magic
 i - a potion of mutation
 l - 2 potions of attraction {unknown}
 m - a potion of brilliance
 o - 2 potions of cancellation
 u - a potion of invisibility
 x - 5 potions of flight
 z - 3 potions of heal wounds {unknown}
 A - 2 potions of haste {unknown}
 B - 3 potions of ambrosia
 C - 2 potions of resistance {unknown}
 I - 2 potions of lignification {unknown}
 J - a potion of berserk rage {unknown}


   Skills:
 + Level 7.4 Fighting
 + Level 5.7 Short Blades
 + Level 7.4 Long Blades
 + Level 5.7 Axes
 + Level 5.7 Maces & Flails
 + Level 5.7 Polearms
 + Level 5.7 Staves
 + Level 5.7 Ranged Weapons
 + Level 6.3 Throwing
 + Level 6.3 Armour
 + Level 7.4 Dodging
 + Level 5.7 Stealth
 + Level 5.7 Shields
 + Level 5.7 Unarmed Combat
 + Level 7.7 Spellcasting
 + Level 4.7 Conjurations
 + Level 4.7 Hexes
 + Level 4.7 Summonings
 + Level 4.7 Necromancy
 + Level 7.3 Translocations
 + Level 4.7 Transmutations
 + Level 4.7 Fire Magic
 + Level 4.7 Ice Magic
 + Level 4.7 Air Magic
 + Level 4.7 Earth Magic
 + Level 4.7 Poison Magic
 + Level 6.3 Invocations
 + Level 5.7 Evocations


You had 22 spell levels left.
You knew the following spells:

 Your Spells              Type           Power      Damage    Failure   Level
a - Blink                 Tloc           70%        N/A       1%          2

Your spell library contained the following spells:

 Spells                   Type           Power      Damage    Failure   Level
 Shock                    Conj/Air       100%       1d9       1%          1
 Cigotuvi's Dreadful Rot  Necr/Pois/Air  50%        N/A       1%          2
 Ensorcelled Hibernation  Hex/Ice        50%        N/A       1%          2
 Lesser Beckoning         Tloc           70%        N/A       1%          2
 Passwall                 Tmut/Erth      20%        N/A       1%          2
 Poisonous Vapours        Pois/Air       50%        N/A       1%          2
 Gell's Gravitas          Tloc           35%        N/A       1%          3
 Teleport Other           Tloc           35%        N/A       1%          3
 Vhi's Electric Charge    Tloc/Air       60%        N/A       2%          3
 Ignite Poison            Fire/Tmut/Pois 25%        N/A       4%          3
 Mephitic Cloud           Conj/Pois/Air  25%        N/A       4%          3
 Ozocubu's Armour         Ice            25%        N/A       4%          3
 Spider Form              Tmut/Pois      25%        N/A       4%          3
 Swiftness                Air            25%        N/A       4%          3
 Manifold Assault         Tloc           35%        N/A       4%          4
 Airstrike                Air            12%        2d(2-18)  13%         4
 Anguish                  Hex/Necr       12%        N/A       13%         4
 Sticky Flame             Conj/Fire      25%        2d5       13%         4
 Arcjolt                  Conj/Air       12%        1d22      36%         5
 Ozocubu's Refrigeration  Ice            12%        4d10      100%        7
 Ignition                 Fire           12%        3d6       100%        8
 Maxwell's Capacitive Co  Air            12%        ∞         100%        8


Dungeon Overview and Level Annotations

Branches:
Dungeon (11/15)            Temple (0/1) D:7            Lair (0/5) D:8
    Orc: D:9-12

Altars:
Ashenzari
Cheibriados
Dithmenos
Elyvilon
Fedhas
Gozag
Hepliaklqana
Makhleb
Nemelex Xobeh
Qazlal
Sif Muna
Uskayaw
Vehumet
Yredelemnul
Zin
The Shining One

Shops:
D:10 *[*

Annotations:
D:11 Fannar


Innate Abilities, Weirdness & Mutations

You have very sharp teeth.
Your uncanny sense of smell can sniff out nearby items.
Your experience applies equally to all skills.


Message History

No target in view!
There is a stone staircase leading up here.
You see here a +2 morningstar of pain.
e - 7 potions of curing (gained 1)
Found a scale mail.
You now have 552 gold pieces (gained 10).
Fannar the Cold-Hearted comes into view.
They are wielding a staff of cold and wearing a +2 robe of cold resistance.
Fannar shouts!
Fannar mumbles some strange words.
Fannar drains the heat from the surrounding environment!
Fannar misses you. Fannar completely misses you.
You slice Fannar!! You freeze Fannar.
Fannar is moderately wounded.
Fannar barely misses you.
You slash Fannar! You freeze Fannar.
Fannar is heavily wounded.
Fannar murmurs some mystic words to themself.
Fannar points at you and mumbles some strange words.
The bolt of cold hits you!!
Fannar mumbles some strange words.
You are too injured to fight recklessly!
You are too injured to fight recklessly!
You slice Fannar!! You freeze Fannar.
Fannar is severely wounded.
Fannar casts a spell at you. The bolt of cold hits you!!
* * * LOW HITPOINT WARNING * * *
The bolt of cold hits the ice beast.
The ice beast completely resists.
The ice beast hits you but does no damage.
You hit Fannar.
Fannar is severely wounded.
Fannar brushes some snowflakes from their robe.
Fannar points at you and mumbles some strange words.
The bolt of cold misses you.
The bolt of cold hits the ice beast.
The ice beast completely resists.
The ice beast closely misses you.
You slice Fannar!! You freeze Fannar.
Fannar is almost dead.
Fannar casts a spell at you. The bolt of cold hits you!!
You die...

#### ...# ... ..#
#.####.#
########.e....#
#..../..@# #
#......Y.###..#
#..............
#........#####
#........#
########.#####
#.....##
#########..#######
#.................


You could see Fannar and an ice beast (summoned).

Vanquished Creatures
  A cyclops (D:10)
  A gargoyle (D:11)
  An unseen horror (D:10)
  A troll (D:8)
  A shadow (D:9)
  4 steam dragons
  4 water moccasins
  3 orc warriors
  2 black bears (D:5)
  2 ice beasts
  2 wolves (D:8)
  3 centaurs
  4 bullfrogs
  2 necrophages
  A scorpion (D:6)
  4 wights (D:8)
  9 killer bees
  5 electric eels (D:8)
  7 orc priests
  6 hounds (D:8)
  2 jellies (D:7)
  A gnoll bouda (D:8)
  3 iron imps (D:9)
  3 iguanas
  4 orc wizards
  4 gnolls (D:8)
  7 adders
  A shadow imp (D:8)
  A white imp (D:6)
  An ufetubus (D:4)
  A worm (D:4)
  A dart slug (D:2)
  21 orcs
  7 ball pythons
  9 endoplasms
  5 giant cockroaches
  5 goblins
  7 hobgoblins
  3 jackals (D:5)
  2 quokkas
  10 bats
  2 frilled lizards (D:1)
  2 goblin skeletons (D:8)
  A goblin zombie (D:8)
  2 hobgoblin zombies (D:8)
  9 kobolds
  An orc skeleton (D:8)
  An orc zombie (D:8)
  4 rats
183 creatures vanquished.

Vanquished Creatures (collateral kills)
  A wight (D:7)
  An orc priest (D:7)
  An orc (D:7)
3 creatures vanquished.

Vanquished Creatures (others)
  An orc (D:8)
  A bush (D:11)
2 creatures vanquished.

Grand Total: 188 creatures vanquished

Notes
Turn   | Place    | Note
-------+----------+-------------------------------------------
     0 | D:1      | epen the Gnoll Warper began the quest for the Orb.
     0 | D:1      | Reached XP level 1. HP: 20/20 MP: 6/6
   127 | D:1      | Reached XP level 2. HP: 26/26 MP: 7/7
   332 | D:1      | Learned a level 2 spell: Blink
   614 | D:1      | Reached skill level 5 in Spellcasting
   614 | D:1      | Reached XP level 3. HP: 31/31 MP: 7/9
  1133 | D:2      | Reached skill level 1 in Invocations
  1417 | D:2      | Reached skill level 1 in Short Blades
  1417 | D:2      | Reached skill level 1 in Axes
  1417 | D:2      | Reached skill level 1 in Maces & Flails
  1417 | D:2      | Reached skill level 1 in Polearms
  1417 | D:2      | Reached skill level 1 in Staves
  1417 | D:2      | Reached skill level 1 in Ranged Weapons
  1417 | D:2      | Reached skill level 1 in Stealth
  1417 | D:2      | Reached skill level 1 in Shields
  1417 | D:2      | Reached skill level 1 in Unarmed Combat
  1417 | D:2      | Reached skill level 1 in Evocations
  1583 | D:2      | Reached XP level 4. HP: 38/38 MP: 11/11
  1839 | D:3      | Reached skill level 1 in Conjurations
  1839 | D:3      | Reached skill level 1 in Hexes
  1839 | D:3      | Reached skill level 1 in Summonings
  1839 | D:3      | Reached skill level 1 in Necromancy
  1839 | D:3      | Reached skill level 1 in Transmutations
  1839 | D:3      | Reached skill level 1 in Fire Magic
  1839 | D:3      | Reached skill level 1 in Ice Magic
  1839 | D:3      | Reached skill level 1 in Air Magic
  1839 | D:3      | Reached skill level 1 in Earth Magic
  1839 | D:3      | Reached skill level 1 in Poison Magic
  2130 | D:3      | Reached XP level 5. HP: 41/43 MP: 12/12
  2189 | D:3      | Found a hazy altar of Hepliaklqana.
  2719 | D:4      | Found a blossoming altar of Fedhas.
  2753 | D:4      | Found a white marble altar of Elyvilon.
  2910 | D:4      | Found a broken altar of Ashenzari.
  3068 | D:5      | Entered Level 5 of the Dungeon
  3100 | D:5      | Noticed an orc warrior
  3104 | D:5      | Killed an orc warrior
  3105 | D:5      | Reached skill level 5 in Fighting
  3105 | D:5      | Reached skill level 5 in Long Blades
  3105 | D:5      | Reached skill level 5 in Dodging
  3105 | D:5      | Reached XP level 6. HP: 21/51 MP: 14/14
  3229 | D:5      | Found a radiant altar of Vehumet.
  3229 | D:5      | Found a shadowy altar of Dithmenos.
  3327 | D:5      | Identified the +6 leather armour "Fuju" {Rampage *Slow rF+
                  | Int+3}
  3349 | D:5      | Noticed a water moccasin
  3355 | D:5      | Killed a water moccasin
  3356 | D:5      | Reached XP level 7. HP: 51/56 MP: 15/15
  3931 | D:6      | Reached XP level 8. HP: 63/63 MP: 16/16
  4075 | D:6      | Found a snail-covered altar of Cheibriados.
  4092 | D:6      | Became a worshipper of Cheibriados the Contemplative
  4329 | D:6      | Found a shimmering blue altar of Sif Muna.
  4644 | D:7      | Found a hide-covered altar of Uskayaw.
  4872 | D:7      | Found a sparkling altar of Nemelex Xobeh.
  5226 | D:7      | Found a staircase to the Ecumenical Temple.
  5239 | D:7      | Reached XP level 9. HP: 48/69 MP: 18/18
  5372 | D:8      | Reached * piety under Cheibriados
  5470 | D:8      | Found a glowing golden altar of the Shining One.
  5528 | D:8      | Reached skill level 5 in Throwing
  5528 | D:8      | Reached skill level 5 in Armour
  5571 | D:8      | Found a stormy altar of Qazlal.
  5778 | D:8      | Noticed a troll
  5791 | D:8      | Reached ** piety under Cheibriados
  5795 | D:8      | Reached skill level 5 in Invocations
  5805 | D:9      | Found Zin's Purification Station.
  5805 | D:9      | Found a glowing silver altar of Zin.
  5928 | D:8      | Found a staircase to the Lair.
  5948 | D:8      | Killed a troll
  5949 | D:8      | Reached skill level 5 in Short Blades
  5949 | D:8      | Reached skill level 5 in Axes
  5949 | D:8      | Reached skill level 5 in Maces & Flails
  5949 | D:8      | Reached skill level 5 in Polearms
  5949 | D:8      | Reached skill level 5 in Staves
  5949 | D:8      | Reached skill level 5 in Ranged Weapons
  5949 | D:8      | Reached skill level 5 in Stealth
  5949 | D:8      | Reached skill level 5 in Shields
  5949 | D:8      | Reached skill level 5 in Unarmed Combat
  5949 | D:8      | Reached skill level 5 in Evocations
  5949 | D:8      | Reached XP level 10. HP: 69/77 MP: 20/20
  6361 | D:9      | Bought a potion of curing for 90 gold pieces
  6364 | D:9      | Found an opulent altar of Gozag.
  6422 | D:9      | Found a burning altar of Makhleb.
  6480 | D:9      | Reached *** piety under Cheibriados
  6899 | D:10     | Entered Level 10 of the Dungeon
  7070 | D:10     | Killed an unseen horror
  7179 | D:10     | Found Exiog's General Store.
  7249 | D:10     | Found a basalt altar of Yredelemnul.
  7313 | D:10     | Noticed a cyclops
  7322 | D:10     | Found Lieheech's Armour Shop.
  7326 | D:10     | Killed a cyclops
  7347 | D:10     | Found Joomp's General Store.
  7647 | D:11     | Noticed a gargoyle
  7651 | D:11     | Killed a gargoyle
  7700 | D:11     | Noticed Fannar
  7708 | D:11     | Killed from afar by Fannar

Illustrated notes

Levels and vault maps discovered:
D:1:      shiori_arrival_maze, layout_basic
D:2:      layout_basic, nicolae_figureground_pulse
D:3:      layout_basic, nicolae_overflow_hidden_temple
D:4:      layout_rooms, nicolae_elyvilon_temple_path, kennysheep_mini,
          fedhas_altar_1, chequers_serial_rivers_small_a, hangedman_decor_lopped
D:5:      layout_loops_cross, gammafunk_temple_overflow_wave
D:6:      layout_basic, lemuel_doored_altar, mainiacjoe_overflow_brackets
D:7:      layout_basic, nicolae_uskayaw_dance_hall, kennysheep_little_box,
          minmay_temple_entry_slanted
D:8:      layout_cave_pools, nicolae_tso_besieged_by_evil, grunt_qazlal_clouds,
          erik_lair_island
D:9:      layout_rooms, demons_altar, zin_purify,
          mainiacjoe_overflow_concentric_impassable, serial_aquarium,
          aquarium_bridge_square [aquarium_subvault_wall,
          aquarium_subvault_wall, aquarium_subvault_bridge,
          aquarium_subvault_bridge], aquarium_bridge_straight
          [aquarium_subvault_bridge, aquarium_subvault_wall,
          aquarium_subvault_bridge, aquarium_subvault_balcony],
          aquarium_window_fake, aquarium_window_2, aquarium_window_2,
          aquarium_window_double, aquarium_view_2b
D:10:     layout_irregular_city, mainiacjoe_overflow_24_doors, serial_shops,
          shop_coins, shop, shop, minmay_microvault
D:11:     layout_rooms, zombieorc2_lemuel, serial_park_tiny_1, grunt_ogre_cave,
          uniq_fannar, uniq_grum

Skill      XL: |  1  2  3  4  5  6  7  8  9 10 |
---------------+-------------------------------+-----
Spellcasting   | 5 6 7 |  7.7
Invocations    | 1 2 3 4 5 6 |  6.3
Short Blades   | 1 2 3 5 |  5.7
Axes           | 1 2 3 5 |  5.7
Maces & Flails | 1 2 3 5 |  5.7
Polearms       | 1 2 3 5 |  5.7
Staves         | 1 2 3 5 |  5.7
Ranged Weapons | 1 2 3 5 |  5.7
Stealth        | 1 2 3 5 |  5.7
Shields        | 1 2 3 5 |  5.7
Unarmed Combat | 1 2 3 5 |  5.7
Evocations     | 1 2 3 5 |  5.7
Conjurations   | 1 2 3 4 |  4.7
Hexes          | 1 2 3 4 |  4.7
Summonings     | 1 2 3 4 |  4.7
Necromancy     | 1 2 3 4 |  4.7
Transmutations | 1 2 3 4 |  4.7
Fire Magic     | 1 2 3 4 |  4.7
Ice Magic      | 1 2 3 4 |  4.7
Air Magic      | 1 2 3 4 |  4.7
Earth Magic    | 1 2 3 4 |  4.7
Poison Magic   | 1 2 3 4 |  4.7
Throwing       | 3 4 5 6 |  6.3
Armour         | 3 4 5 6 |  6.3
Fighting       | 5 6 7 |  7.4
Long Blades    | 5 6 7 |  7.4
Dodging        | 5 6 7 |  7.4
Translocations | 6 7 |  7.3

Action                     |  1- 3 |  4- 6 |  7- 9 | 10-12 || total
---------------------------+-------+-------+-------+-------++-------
  Melee: Falchion          |   134 |   134 |   234 |       ||   502
         Bite              |    13 |    13 |    33 |     6 ||    65
         Punch             |     2 |     1 |     9 |       ||    12
         Great sword       |       |       |    47 |    71 ||   118
  Evoke: Wand              |       |    14 |    18 |       ||    32
    Use: Scroll            |     2 |       |    19 |       ||    21
         Potion            |       |       |     2 |       ||     2
   Stab: Sleeping          |     2 |     1 |     2 |     4 ||     9
 Armour: Leather armour    |    29 |     8 |       |       ||    37
         Ring mail         |       |    34 |    49 |       ||    83
         Steam dragon scal |       |       |    83 |    23 ||   106
  Dodge: Dodged            |   110 |    71 |   341 |   135 ||   657

Table legend: (Time is in decaauts)
 A = Elapsed time spent in this place.
 B = Non-inter-level travel time spent in this place.
 C = Inter-level travel time spent in this place.
 D = Time resting spent in this place.
 E = Time spent auto-exploring this place.
 F = Levels seen in this place.
 G = Mean time per level.
                   A        B        C        D        E       F      G
               +--------+--------+--------+--------+--------+-----+--------+
         Total |   9062 |   8667 |    395 |    432 |   6437 |  11 |  823.8 |
       Dungeon |   9062 |   8667 |    395 |    432 |   6437 |  11 |  823.8 |
               +--------+--------+--------+--------+--------+-----+--------+

Top non-repeatable levels by time:
     D:7: 1383 daAuts
    D:10: 1129 daAuts
     D:1: 1121 daAuts
     D:8: 1038 daAuts
     D:9: 865 daAuts
     D:5: 848 daAuts
     D:3: 756 daAuts
     D:2: 628 daAuts
     D:6: 611 daAuts
     D:4: 580 daAuts
    D:11: 99 daAuts
